 Dungeon Crawl Stone Soup version 0.28-a0-664-gc179e30c89 (webtiles) character file.

Game seed: 8029229323171798518

126 bande the Covered (level 5, -1/33 HPs)
             Began as a Gargoyle Fighter on Oct 17, 2021.
             Slain by Ijyb (3 damage)
             ... on level 3 of the Dungeon.
             The game lasted 00:03:49 (2505 turns).

bande the Covered (Gargoyle Fighter)                Turns: 2505, Time: 00:03:51

Health: -1/33      AC:  9    Str: 20    XL:     5   Next: 10%
Magic:  5/5        EV:  7    Int:  9    God:
Gold:   102        SH:  5    Dex:  9    Spells: 4/4 levels left

rFire   . . .      SeeInvis .   a - +0 war axe
rCold   . . .      Faith    .   c - +1 buckler
rNeg    + . .      Spirit   .   g - +0 chain mail
rPois   ∞          Reflect  .   (no helmet)
rElec   +          Harm     .   (no cloak)
rCorr   .          Rampage  .   (no gloves)
Will    .....                   (no boots)
Stlth   ..........              (no amulet)
HPRegen 0.11/turn               (no ring)
MPRegen 0.09/turn               (no ring)

@: attractive
A: sickness immunity, AC +4, negative energy resistance 1, electricity
resistance, torment resistance 1, petrification resistance, deformed body
a: no special abilities


You were on level 3 of the Dungeon.
You visited 1 branch of the dungeon, and saw 3 of its levels.

You collected 102 gold pieces.

Inventory:

Hand Weapons
 a - a +0 war axe (weapon)
 b - a +0 flail
Armour
 c - a +1 buckler (worn)
 g - a +0 chain mail (worn)
Scrolls
 f - a scroll of enchant armour
 j - 2 scrolls of silence
Potions
 d - a potion of might
 i - a potion of curing


   Skills:
 + Level 4.1 Fighting
 + Level 3.1 Axes
 + Level 4.1 Armour
 - Level 0.2 Dodging
 + Level 3.8 Shields


You had 4 spell levels left.
You didn't know any spells.
Your spell library contained the following spells:

 Spells                   Type           Power      Damage    Failure   Level
 Animate Skeleton         Necr           0%         N/A       99%         1
 Pain                     Necr           0%         1d4       99%         1
 Corpse Rot               Necr/Air       N/A        N/A       99%         2
 Poisonous Vapours        Pois/Air       0%         N/A       99%         2
 Vampiric Draining        Necr           0%         2d6       100%        3


Dungeon Overview and Level Annotations

Branches:
Dungeon (3/15)

Altars:
Qazlal

Annotations:
D:3 Ijyb


Innate Abilities, Weirdness & Mutations

You are immune to sickness and miasma.
Your stone body is resilient. (AC +4)
You are immune to poison.
You resist negative energy. (rN+)
You are resistant to electric shocks. (rElec)
You are resistant to unholy torment.
You are immune to petrification.
Armour fits poorly on your strangely shaped body.


Message History

Ijyb screams, "Level is mine!
All mine!"
Ijyb completely misses you.
You closely miss Ijyb.
Ijyb is moderately wounded.
Ijyb hits you with a +4 club.
An endoplasm comes into view.
Ijyb barely misses you. The endoplasm is attracted toward you.
You completely miss Ijyb.
Ijyb is moderately wounded.
The endoplasm quivers.
Ijyb hits you with a +4 club.
You hit Ijyb.
Ijyb is severely wounded.
Ijyb hits you with a +4 club. You block Ijyb's attack.
You barely miss Ijyb.
Ijyb is severely wounded.
Ijyb screams, "Me stronger than you!" Ijyb hits you but does no damage.
You hit Ijyb but do no damage.
Ijyb is severely wounded.
You block Ijyb's attack.
You hit Ijyb.
Ijyb is almost dead.
Ijyb completely misses you. Ijyb hits you with a +4 club.
* * * LOW HITPOINT WARNING * * *
You barely miss Ijyb.
Ijyb is almost dead.
Ijyb hits you with a +4 club.
* * * LOW HITPOINT WARNING * * *
You closely miss Ijyb.
Ijyb is almost dead.
Ijyb barely misses you.
You barely miss Ijyb.
Ijyb is almost dead.
The endoplasm jiggles.
Ijyb screams, "Get away!"
Ijyb hits you with a +4 club.
* * * LOW HITPOINT WARNING * * *
Ijyb hits you with a +4 club.
You die...

#.. #.. #.. #.#
#.# #J# #g# #@#
#####
#.#########.#.#
#...†..[......#
###########...#
#.##### #.....#
#####.# #.#
#.##


You could see Ijyb and an endoplasm.

Vanquished Creatures
  Terence (D:3)
  A gnoll (D:1)
  4 adders (D:2)
  2 worms
  A dart slug (D:1)
  6 endoplasms
  2 giant cockroaches (D:1)
  3 goblins
  2 hobgoblins
  5 kobolds
  2 quokkas (D:1)
  6 ball pythons
  6 bats
  3 frilled lizards
  7 rats
51 creatures vanquished.

Notes
Turn   | Place    | Note
-------+----------+-------------------------------------------
     0 | D:1      | bande the Gargoyle Fighter began the quest for the Orb.
     0 | D:1      | Reached XP level 1. HP: 14/14 MP: 1/1
     4 | D:1      | Noticed an elephant
   107 | D:1      | Reached XP level 2. HP: 14/19 MP: 2/2
   410 | D:1      | Reached XP level 3. HP: 20/24 MP: 3/3
  1107 | D:1      | Found a faded altar of an unknown god.
  1395 | D:2      | Reached XP level 4. HP: 23/29 MP: 4/4
  2064 | D:2      | Found a stormy altar of Qazlal.
  2401 | D:3      | Noticed Terence
  2411 | D:3      | Killed Terence
  2412 | D:3      | Reached XP level 5. HP: 25/33 MP: 5/5
  2482 | D:3      | Noticed Ijyb
  2492 | D:3      | Gained mutation: Armour fits poorly on your strangely
                  | shaped body. [potion of mutation]
  2505 | D:3      | Slain by Ijyb

Illustrated notes

Levels and vault maps discovered:
D:1:      sevenhm_arrival_forest_fort_small_2, layout_basic,
          hellmonk_ecumenical_altar_run_dry, corexii_hall_statues_l,
          minmay_misc_feat_hallway, minmay_bisected
D:2:      layout_basic, basic_altar
D:3:      layout_basic, uniq_ijyb, uniq_robin, uniq_terence

Skill      XL: |  1  2  3  4 |
---------------+-------------+-----
Axes           | 2 3 |  3.1
Fighting       | 4 |  4.1
Armour         | 4 |  4.1
Dodging        | |  0.2
Shields        | |  3.8

Action                   |  1- 3 |  4- 6 || total
-------------------------+-------+-------++-------
Melee: War axe           |   100 |    79 ||   179
  Use: Scroll            |     3 |     2 ||     5
       Potion            |       |     3 ||     3
Armor: Scale mail        |    48 |       ||    48
       Chain mail        |     3 |    34 ||    37
Dodge: Dodged            |    49 |    39 ||    88
Block: Buckler           |    18 |    28 ||    46

Table legend: (Time is in decaauts)
 A = Elapsed time spent in this place.
 B = Non-inter-level travel time spent in this place.
 C = Inter-level travel time spent in this place.
 D = Time resting spent in this place.
 E = Time spent auto-exploring this place.
 F = Levels seen in this place.
 G = Mean time per level.
                   A        B        C        D        E       F      G
               +--------+--------+--------+--------+--------+-----+--------+
         Total |   2573 |   2573 |      0 |      6 |   2097 |   3 |  857.7 |
       Dungeon |   2573 |   2573 |      0 |      6 |   2097 |   3 |  857.7 |
               +--------+--------+--------+--------+--------+-----+--------+

Top non-repeatable levels by time:
     D:1: 1245 daAuts
     D:2: 1122 daAuts
     D:3: 205 daAuts
